[Event "Titled Tuesday Blitz November 16 2021"]
[White "Visakh N R"]
[Black "Golubka, Petro"]
[WhiteFideId "25012223"]
[BlackFideId "14114224"]
[WhiteElo "2454"]
[BlackElo "2392"]
[Result "0-1"]
[Round "07"]
[TimeControl "180+1"]
[Date "2021.11.16"]
[WhiteClock "0:00:07"]
[BlackClock "0:00:29"]

1. c4 e6 2. g3 d5 3. Bg2 Nf6 4. Nf3 Be7 5. O-O O-O 6. b3 b6 7. Bb2 Bb7 8. e3 Nbd7 9. Nc3 c5 10. d4 cxd4 11. Nxd4 Nc5 12. Rc1 Rc8 13. Qe2 dxc4 14. Bxb7 Nxb7 15. Rfd1 Qe8 16. bxc4 Na5 17. e4 Nxc4 18. e5 Nxb2 19. Qxb2 Nd7 20. Ndb5 Nxe5 21. Nxa7 Rc4 22. Qe2 Qa8 23. Qxe5 Qxa7 24. Nb5 Rxc1 25. Rxc1 Qxa2 26. Kg2 Bc5 27. Qf4 Qd5+ 28. Qf3 Rd8 29. Nc3 Qxf3+ 30. Kxf3 f5 31. Na4 Rd3+ 32. Ke2 Rd5 33. Rb1 Rd6 34. Nxc5 bxc5 35. Rb8+ Kf7 36. Rc8 Rd5 37. f4 e5 38. Rc7+ Kg6 39. fxe5 Rxe5+ 40. Kf3 Rd5 41. h4 Kh6 42. Rc6+ g6 43. Rc7 Re5 44. Kf4 Re4+ 45. Kf3 c4 46. Rd7 Re5 47. Rc7 Re4 48. Rd7 Rg4 49. Rc7 g5 50. hxg5+ Kg6 51. Kf2 Kxg5 52. Rxh7 Kf6 53. Kf3 Ke5 54. Re7+ Kd6 55. Re8 Rd4 56. Rd8+ Ke5 57. Re8+ Kd6 58. Rd8+ Kc5 59. Rc8+ Kb4 60. Rb8+ Kc3 61. Rb5 Kd2 62. Rxf5 c3 63. Rc5 c2 64. Rxc2+ Kxc2 65. g4 Kd3 66. g5 Kc4 67. g6 Rd6 68. g7 Rg6 0-1


[Site "https://www.chess.com"]

[Event "Titled Tuesday Blitz November 16 2021"]
[White "Yoo, Christopher Woojin"]
[Black "Tsvetkov, Andrey"]
[WhiteFideId "30909694"]
[BlackFideId "34139360"]
[WhiteElo "2105"]
[BlackElo "2280"]
[Result "1-0"]
[Round "07"]
[TimeControl "180+1"]
[Date "2021.11.16"]
[WhiteClock "0:00:48"]
[BlackClock "0:00:03"]

1. e4 c5 2. Nf3 d6 3. d4 cxd4 4. Nxd4 Nf6 5. Nc3 a6 6. h4 e5 7. Nf5 d5 8. Qf3 d4 9. Nd5 Nxd5 10. exd5 g6 11. Nh6 f5 12. h5 e4 13. Qg3 Bd6 14. Bf4 Qa5+ 15. Kd1 Bxf4 16. Qxf4 Nd7 17. hxg6 hxg6 18. Qd6 Nf8 19. Nxf5 Bxf5 20. Rxh8 Kf7 21. b4 Qa4 22. Qc7+ Nd7 23. Rxa8 e3 24. fxe3 dxe3 25. Rd8 Qxb4 26. Rxd7+ Bxd7 27. Qxd7+ Kf6 28. Qe6+ 1-0


[Site "https://www.chess.com"]

[Event "Titled Tuesday Blitz November 16 2021"]
[White "Zhigalko, Sergei"]
[Black "Wagner, Dennis"]
[WhiteFideId "13502956"]
[BlackFideId "24650684"]
[WhiteElo "2662"]
[BlackElo "2355"]
[Result "1-0"]
[Round "07"]
[TimeControl "180+1"]
[Date "2021.11.16"]
[WhiteClock "0:00:08"]
[BlackClock "0:00:04"]

1. e4 e5 2. Nf3 Nc6 3. Bc4 Nf6 4. d3 Bc5 5. O-O d6 6. Nbd2 O-O 7. c3 a5 8. h3 Ba7 9. Re1 Be6 10. Bb5 Ne7 11. d4 Ng6 12. Nf1 c6 13. Bd3 exd4 14. cxd4 d5 15. e5 Ne4 16. N1d2 Nf4 17. Nxe4 Nxd3 18. Nf6+ gxf6 19. Qxd3 fxe5 20. Rxe5 Bd7 21. Bh6 f6 22. Ng5 fxg5 23. Rxg5+ Qxg5 24. Bxg5 Rae8 25. Qg3 Kh8 26. Qd6 Be6 27. Qe5+ Kg8 28. Bh6 Rf7 29. Re1 Bb6 30. Re3 1-0


[Site "https://www.chess.com"]

[Event "Titled Tuesday Blitz November 16 2021"]
[White "vizumatv4hoda"]
[Black "Svidler, Peter"]
[BlackFideId "4102142"]
[WhiteElo "2770"]
[BlackElo "2709"]
[Result "0-1"]
[Round "07"]
[TimeControl "180+1"]
[Date "2021.11.16"]
[WhiteClock "0:00:01"]
[BlackClock "0:00:26"]

1. e4 g6 2. d4 Bg7 3. Nf3 d6 4. Bc4 c5 5. dxc5 Qa5+ 6. c3 Qxc5 7. Na3 Nf6 8. Be3 Qa5 9. Qc2 Nc6 10. O-O O-O 11. h3 Bd7 12. Bb3 Rac8 13. Rfe1 b5 14. Rad1 Rfd8 15. Ng5 Be8 16. Qd3 Ne5 17. Qd4 h6 18. Nf3 Nxf3+ 19. gxf3 Rd7 20. Qd2 a6 21. Bxh6 Rc5 22. Nc2 Rh5 23. Bxg7 Kxg7 24. Kg2 Rc7 25. Ne3 Bd7 26. Ng4 Qb6 27. Nxf6 Bxh3+ 28. Kg3 exf6 29. Rh1 Rg5+ 30. Kxh3 Rc8 31. Qxg5 fxg5 32. Kg2 a5 33. Rd5 a4 34. Bc2 a3 35. bxa3 Rxc3 36. Bb3 Qd8 37. Rhd1 g4 38. fxg4 Qh4 39. f3 Re3 40. R5d2 Qf6 41. Rf2 Qf4 42. Rd5 Re1 43. Rxb5 Qc1 44. Kh3 Rh1+ 45. Kg3 Qg1+ 46. Rg2 Qe1+ 47. Kf4 Rh3 48. Rd5 Qf1 49. Ke3 Qxg2 0-1


[Site "https://www.chess.com"]

[Event "Titled Tuesday Blitz November 16 2021"]
[White "Afanasiev, Nikita"]
[Black "Baskin, Robert"]
[WhiteFideId "24183555"]
[BlackFideId "24662402"]
[WhiteElo "2577"]
[BlackElo "2488"]
[Result "1/2-1/2"]
[Round "08"]
[TimeControl "180+1"]
[Date "2021.11.16"]
[WhiteClock "0:00:17"]
[BlackClock "0:00:02"]

1. e4 e5 2. Nf3 Nc6 3. Bb5 Nf6 4. O-O Nxe4 5. Re1 Nd6 6. Nxe5 Be7 7. Bf1 Nxe5 8. Rxe5 O-O 9. d4 Bf6 10. Re1 Nf5 11. c3 d5 12. Bf4 c6 13. Nd2 Bg5 14. Bxg5 Qxg5 15. Nf3 Qf6 16. Ne5 Nd6 17. Bd3 Re8 18. Qh5 Bf5 19. Qf3 Qe6 20. Bf1 Qh6 21. Rad1 f6 22. Ng4 Qg5 23. Ne3 Be4 24. Qg3 Qxg3 25. hxg3 Bg6 26. g4 Re7 27. f3 a5 28. Kf2 Rae8 29. g3 a4 30. Ng2 Bc2 31. Rxe7 Rxe7 32. Rc1 Bg6 33. Nf4 b5 34. Bd3 Kf7 35. Rh1 Bxd3 36. Nxd3 h6 37. Nb4 Rc7 38. b3 Rc8 39. Re1 axb3 40. axb3 c5 41. Nxd5 cxd4 42. cxd4 Rc2+ 43. Re2 Rc1 44. Re7+ Kg8 45. Rd7 Nf7 46. Ne7+ Kh7 47. Nf5 Kg8 48. Rb7 Rc2+ 49. Kg1 Rc3 50. Ne7+ Kh7 51. Nd5 Rc1+ 52. Kf2 Ng5 53. Nxf6+ Kg6 54. Nd5 Rc2+ 55. Ke3 Rb2 56. Rxb5 Kf7 57. Rb7+ Kg8 58. f4 Ne6 59. f5 Ng5 60. f6 gxf6 61. Nxf6+ Kf8 62. Ne4 Nf7 63. d5 Rb1 64. d6 Kg7 65. b4 Re1+ 66. Kd4 Kg6 67. b5 Rxe4+ 68. Kxe4 Nxd6+ 69. Kd5 Nxb7 70. b6 Kg5 71. Kc6 Na5+ 72. Kb5 Nb7 73. Kc6 Na5+ 74. Kb5 Nb7 75. Kc6 1/2-1/2


[Site "https://www.chess.com"]

[Event "Titled Tuesday Blitz November 16 2021"]
[White "Alavkin, Arseny"]
[Black "Bernadskiy, Vitaliy"]
[WhiteFideId "4120612"]
[BlackFideId "14100371"]
[WhiteElo "2391"]
[BlackElo "2510"]
[Result "1-0"]
[Round "08"]
[TimeControl "180+1"]
[Date "2021.11.16"]
[WhiteClock "0:00:12"]
[BlackClock "0:00:05"]

1. c4 Nf6 2. Nc3 c5 3. g3 g6 4. Bg2 Bg7 5. d3 O-O 6. Rb1 Nc6 7. a3 a5 8. e4 e6 9. Nge2 d5 10. exd5 exd5 11. Nxd5 Nxd5 12. Bxd5 Bg4 13. Be3 Ne7 14. Be4 Nf5 15. Bxc5 Re8 16. O-O Rc8 17. b4 axb4 18. axb4 Nd6 19. Bxd6 Qxd6 20. Re1 Bc3 21. Rf1 Bxb4 22. Qc2 b6 23. Nc3 Bc5 24. Nd5 f5 25. Bg2 Re2 26. Qc3 Qe5 27. Qxe5 Rxe5 28. Nxb6 Rd8 29. Nd5 Kh8 30. Rfe1 Rde8 31. Rxe5 Rxe5 32. Bf1 Bf3 33. Nf4 Re8 34. Bg2 Bxg2 35. Kxg2 g5 36. Rb5 Bd4 37. Rd5 Ba7 38. Nh5 Rf8 39. f4 g4 40. c5 h6 41. d4 Kh7 42. Rd7+ Kg6 43. Rxa7 Kxh5 44. d5 Rg8 45. d6 Rg7 46. Rc7 1-0


[Site "https://www.chess.com"]

[Event "Titled Tuesday Blitz November 16 2021"]
[White "Aloma Vidal, Robert"]
[Black "Djordjevic, Vuk"]
[WhiteFideId "2260409"]
[BlackFideId "902098"]
[WhiteElo "2435"]
[BlackElo "2463"]
[Result "0-1"]
[Round "08"]
[TimeControl "180+1"]
[Date "2021.11.16"]
[WhiteClock "0:00:04"]
[BlackClock "0:00:05"]

1. e4 d5 2. exd5 Qxd5 3. Nc3 Qd6 4. g3 Nf6 5. Bg2 c6 6. Nge2 Bg4 7. O-O e6 8. h3 Bxe2 9. Nxe2 Nbd7 10. d4 Qc7 11. c4 Rd8 12. Qb3 e5 13. dxe5 Nxe5 14. Bf4 Bd6 15. Nd4 O-O 16. Nf5 Bc5 17. Qc3 Rfe8 18. b4 Bf8 19. Rad1 Rxd1 20. Rxd1 Nh5 21. Be3 Ng6 22. c5 Rd8 23. Re1 Qd7 24. Nd6 Bxd6 25. cxd6 Qxd6 26. Bxa7 Nf6 27. Bb6 Ra8 28. a3 Nd5 29. Qd3 Ne5 30. Qd4 Nd7 31. Bxd5 cxd5 32. Bc5 Qc6 33. Qc3 Rc8 34. Qe3 Nxc5 35. bxc5 h6 36. Rc1 b6 37. Rd1 bxc5 38. Qf3 Rd8 39. Qc3 d4 40. Qc4 Qd5 41. Rc1 Qxc4 42. Rxc4 d3 43. Rc1 d2 44. Rd1 c4 45. Kf1 c3 46. Ke2 c2 47. Rxd2 Re8+ 0-1


[Site "https://www.chess.com"]

[Event "Titled Tuesday Blitz November 16 2021"]
[White "Bortnyk, Olexandr"]
[Black "Narayanan, Srinath"]
[WhiteFideId "14120828"]
[BlackFideId "5018420"]
[WhiteElo "2723"]
[BlackElo "2472"]
[Result "0-1"]
[Round "08"]
[TimeControl "180+1"]
[Date "2021.11.16"]
[WhiteClock "0:00:19"]
[BlackClock "0:00:13"]

1. e4 c5 2. c3 Nf6 3. e5 Nd5 4. d4 cxd4 5. Nf3 g6 6. Bc4 Nb6 7. Bb3 Bg7 8. h4 d6 9. Qxd4 Nc6 10. Qf4 O-O 11. exd6 e5 12. Qg3 Qxd6 13. h5 Bf5 14. hxg6 Qxg6 15. Qxg6 hxg6 16. Na3 Na5 17. Bd1 a6 18. Be2 Rac8 19. Bg5 Na4 20. O-O-O Nxc3 21. bxc3 Rxc3+ 22. Kb2 Rfc8 23. Rd8+ Rxd8 24. Bxd8 e4 25. Bxa5 Rc5+ 26. Kb3 exf3 27. Bb4 Be6+ 28. Bc4 fxg2 29. Rg1 Rxc4 30. Nxc4 b5 31. Rxg2 Bxc4+ 32. Ka3 Be5 33. Rg5 Bf4 34. Rg1 Kg7 35. Bc3+ f6 36. Kb2 g5 37. a3 Kf7 38. Re1 Bd6 39. Bd4 g4 40. Rc1 f5 41. Rd1 f4 42. Bb6 Ke6 43. Bd4 g3 44. fxg3 fxg3 45. Bg1 Be5+ 46. Kc2 g2 47. Rd8 Bd6 48. Rg8 Bd5 49. Rg6+ Kd7 50. Kb2 Be5+ 51. Kc1 Bf4+ 52. Kb2 Bd6 53. Rg5 Kc6 54. Rg6 a5 55. Bh2 g1=Q 56. Bxg1 Kd7 57. Bd4 b4 58. a4 Bc6 59. Rg7+ Ke6 60. Rg5 Bxa4 61. Rxa5 Bc6 62. Rh5 Bf3 63. Rh3 Be4 64. Rh5 Bf3 65. Rg5 Bc6 66. Bh8 Kd7 67. Kb3 Be7 68. Rh5 Bd6 69. Kc4 Bf3 70. Rh6 Be7 71. Bd4 Bg4 72. Ra6 Be2+ 73. Kb3 Bxa6 74. Be3 Bb7 75. Bd2 Bd5+ 76. Ka4 b3 77. Bc3 Ke6 78. Bb2 Bf6 79. Bc1 b2 80. Bxb2 Bxb2 81. Kb4 Be5 82. Kc5 Bd6+ 83. Kd4 Bc6 84. Kc4 Be7 85. Kd4 Kd6 86. Kc4 Bf6 87. Kd3 Kd5 88. Ke3 Be5 89. Kd3 Bd4 90. Ke2 Ke4 91. Kd2 Ba4 92. Ke2 Bc2 93. Kd2 Bd3 94. Kc1 Bc3 95. Kd1 Kd4 96. Kc1 Be4 97. Kd1 Kd3 98. Kc1 Bf3 99. Kb1 Kd2 100. Ka2 Kc2 101. Ka3 Bc6 102. Ka2 Bb4 103. Ka1 Bd7 104. Ka2 Be6+ 105. Ka1 Bc3# 0-1


[Site "https://www.chess.com"]

[Event "Titled Tuesday Blitz November 16 2021"]
[White "Demchenko, Anton"]
[Black "Golubka, Petro"]
[WhiteFideId "4160258"]
[BlackFideId "14114224"]
[WhiteElo "2583"]
[BlackElo "2392"]
[Result "1-0"]
[Round "08"]
[TimeControl "180+1"]
[Date "2021.11.16"]
[WhiteClock "0:00:31"]
[BlackClock "0:00:37"]

1. e4 c5 2. Nf3 d6 3. d4 cxd4 4. Qxd4 Nc6 5. Qe3 Nf6 6. Nc3 a6 7. h3 e5 8. Bc4 Be6 9. Bb3 Be7 10. O-O O-O 11. Rd1 Rc8 12. Qe2 Nd7 13. Be3 Na5 14. Nd2 Kh8 15. Rac1 Nxb3 16. cxb3 b5 17. a4 bxa4 18. Nxa4 Rxc1 19. Rxc1 Qa5 20. Rc6 Qb5 21. Qxb5 axb5 22. Nc3 Rb8 23. b4 h5 24. Ndb1 f5 25. f3 fxe4 26. fxe4 Nf6 27. Na3 Bd7 28. Rc7 Bd8 29. Ra7 Bc6 30. Ra6 Bxe4 31. Rxd6 Be7 32. Rxf6 gxf6 33. Nxe4 f5 34. Nc5 f4 35. Bf2 Bd6 36. Kf1 Kg7 37. Ke2 Kf6 38. Nd7+ 1-0


[Site "https://www.chess.com"]

[Event "Titled Tuesday Blitz November 16 2021"]
[White "Durarbayli, Vasif"]
[Black "Sieciechowicz, Marcin"]
[WhiteFideId "13402935"]
[BlackFideId "1130170"]
[WhiteElo "2522"]
[BlackElo "2295"]
[Result "1/2-1/2"]
[Round "08"]
[TimeControl "180+1"]
[Date "2021.11.16"]
[WhiteClock "0:00:31"]
[BlackClock "0:00:20"]

1. e4 e6 2. d4 d5 3. e5 c5 4. c3 Qb6 5. Nf3 Nc6 6. Be2 Nh6 7. Bxh6 gxh6 8. Qd2 cxd4 9. cxd4 Bg7 10. O-O O-O 11. Na3 f6 12. exf6 Rxf6 13. Nc2 Bd7 14. b4 Raf8 15. b5 Ne7 16. Ne5 Be8 17. g3 h5 18. a4 Nf5 19. a5 Qd6 20. f4 Kh8 21. Ne3 Rg8 22. Nxf5 Rxf5 23. Bd3 Rff8 24. Kh1 h4 25. g4 Bxe5 26. fxe5 Qe7 27. Qh6 Qg7 28. Qxg7+ Kxg7 29. Kg2 Bg6 30. Bxg6 hxg6 31. Rac1 Rxf1 32. Kxf1 Rf8+ 33. Ke2 g5 34. Rc7+ Rf7 35. Rc8 Rf4 36. Rc7+ Rf7 37. Rc8 Rf8 38. Rc7+ Rf7 1/2-1/2


[Site "https://www.chess.com"]

[Event "Titled Tuesday Blitz November 16 2021"]
[White "Gaehwiler, Gabriel"]
[Black "Martinez Alcantara, Jose Eduardo"]
[WhiteFideId "1314530"]
[BlackFideId "3805662"]
[WhiteElo "2320"]
[BlackElo "2690"]
[Result "0-1"]
[Round "08"]
[TimeControl "180+1"]
[Date "2021.11.16"]
[WhiteClock "0:00:03"]
[BlackClock "0:00:15"]

1. d4 d5 2. c4 dxc4 3. e3 Nf6 4. Bxc4 e6 5. Nf3 a6 6. Bb3 c5 7. O-O Nbd7 8. Nc3 b5 9. dxc5 Bb7 10. Bc2 Bxc5 11. b3 O-O 12. Bb2 Rc8 13. Rc1 Qa5 14. Bb1 Ba3 15. Bxa3 Qxa3 16. Nd4 Rfd8 17. Qe2 b4 18. Nc2 Qa5 19. Na4 Bc6 20. Nd4 Bxa4 21. bxa4 Qxa4 22. Bd3 Nc5 23. Bc4 Nfe4 24. Qb2 Nc3 25. a3 N5e4 26. Bb3 Qxa3 27. Qc2 Qa5 28. Ra1 Qb6 29. Qb2 g6 30. g3 a5 31. Nf3 Qb5 0-1


[Site "https://www.chess.com"]

[Event "Titled Tuesday Blitz November 16 2021"]
[White "Gelman, Alexander"]
[Black "Svane, Frederik"]
[WhiteFideId "4118316"]
[BlackFideId "12923044"]
[WhiteElo "2375"]
[BlackElo "2459"]
[Result "1-0"]
[Round "08"]
[TimeControl "180+1"]
[Date "2021.11.16"]
[WhiteClock "0:00:11"]
[BlackClock "0:00:02"]

1. d4 Nf6 2. Nc3 d5 3. Bf4 g6 4. e3 Bg7 5. h4 c6 6. Nf3 h5 7. Ne5 Nbd7 8. Qd2 Nxe5 9. Bxe5 Kf8 10. O-O-O Nd7 11. Bxg7+ Kxg7 12. e4 dxe4 13. Nxe4 e6 14. Kb1 Nf6 15. Ng5 Qc7 16. Rh3 Rd8 17. Rf3 Rd5 18. Bc4 Rd8 19. Qc3 Qe7 20. a4 b5 21. Ba2 b4 22. Qe3 c5 23. d5 Bb7 24. Qe5 Rd7 25. Ne4 exd5 26. Qxf6+ Qxf6 27. Nxf6 Rd6 28. Nxd5 Rad8 29. Rfd3 Ba6 30. R3d2 c4 31. Kc1 b3 32. cxb3 cxb3 33. Bxb3 Rb8 34. Kc2 Rc6+ 35. Nc3 Bc8 36. Bd5 Bf5+ 37. Rd3 Rcb6 38. b3 Rb4 39. Bc4 Re8 40. Nd5 Rb7 41. Kc3 Bxd3 42. Rxd3 Rd8 43. Nb4 Re8 44. Nc6 Rc7 45. Nd4 Re1 46. b4 Rc1+ 47. Nc2 Rxc2+ 48. Kxc2 Rxc4+ 49. Kb3 Rxh4 50. Rd7 Rh2 51. Rxa7 Rxg2 52. b5 h4 53. b6 h3 54. b7 h2 55. b8=Q h1=Q 56. Qe5+ 1-0


[Site "https://www.chess.com"]

[Event "Titled Tuesday Blitz November 16 2021"]
[White "Ghazarian, Kirk"]
[Black "Ozen, Bahadir"]
[WhiteFideId "30908604"]
[BlackFideId "6337058"]
[WhiteElo "2003"]
[BlackElo "2503"]
[Result "0-1"]
[Round "08"]
[TimeControl "180+1"]
[Date "2021.11.16"]
[WhiteClock "0:00:02"]
[BlackClock "0:00:06"]

1. e4 e6 2. d4 d5 3. Nc3 Nf6 4. e5 Nfd7 5. Bd3 c5 6. f4 cxd4 7. Nce2 Nc6 8. Nf3 Bc5 9. a3 a5 10. O-O h6 11. Kh1 Qc7 12. b3 b5 13. Bxb5 Ba6 14. Bxa6 Rxa6 15. Bb2 Qb6 16. Qd3 Ra7 17. Nfxd4 Nxd4 18. Nxd4 g6 19. Nb5 Rb7 20. a4 Be7 21. Bd4 Qc6 22. Rac1 Nc5 23. Qd2 Ne4 24. Qxa5 O-O 25. Qe1 Rd8 26. Qe3 Kh7 27. Nc3 Ba3 28. Rcd1 Rbd7 29. Rd3 Bb4 30. Na2 Be7 31. c3 Rb7 32. Nc1 Ba3 33. g4 Bxc1 34. Qxc1 Rxb3 35. f5 exf5 36. gxf5 g5 37. Qe3 Rb2 38. Qh3 Qa6 39. e6 f6 40. Qe3 Rd2 41. Rf3 Ra2 42. Rd1 Qxa4 43. Qd3 Ra1 44. Rxa1 Qxa1+ 45. Rf1 Qa2 46. Rb1 Nf2+ 47. Bxf2 Qxf2 48. Rb7+ Kh8 49. Qd4 Qf1+ 50. Qg1 Qf3+ 51. Qg2 Qd1+ 52. Qg1 Qf3+ 53. Qg2 Qxf5 54. Qe2 Qe4+ 55. Qxe4 dxe4 56. Rf7 Re8 57. Rxf6 Kg7 58. Rf7+ Kg6 59. Rf2 e3 60. Re2 Rxe6 61. Kg2 Kf5 62. Kf3 g4+ 63. Kg3 h5 64. Kh4 Kf4 65. Kxh5 Kf3 66. Re1 e2 67. c4 Re4 68. c5 Re5+ 69. Kh4 Rxc5 70. Rg1 Rc4 71. Rg3+ 0-1


[Site "https://www.chess.com"]

[Event "Titled Tuesday Blitz November 16 2021"]
[White "Ibrahimli, Murad"]
[Black "Mikhailovsky, Vladimir"]
[WhiteFideId "13410229"]
[BlackFideId "34105414"]
[WhiteElo "2109"]
[BlackElo "2409"]
[Result "1-0"]
[Round "08"]
[TimeControl "180+1"]
[Date "2021.11.16"]
[WhiteClock "0:01:33"]
[BlackClock "0:00:06"]

1. c4 c6 2. Nc3 d5 3. d4 Nf6 4. Nf3 dxc4 5. a4 Bg4 6. Ne5 Nbd7 7. Nxg4 Nxg4 8. e3 Ngf6 9. Bxc4 e6 10. O-O Bb4 11. Qb3 a5 12. Na2 Bd6 13. Qc2 O-O 14. h3 e5 15. dxe5 Nxe5 16. Be2 Qe7 17. b3 Nf3+ 18. Bxf3 Qe5 19. Rd1 Qxa1 20. Rxd6 Rad8 21. Rxd8 Rxd8 22. Nc3 Nd5 23. Nxd5 cxd5 24. Qb2 Qxb2 25. Bxb2 f6 26. Bc3 b6 27. Bd4 Rd6 28. Be2 Kf7 29. Bb5 Ke6 30. f4 Kf5 31. Kf2 g5 32. g4+ Ke6 33. f5+ Ke7 34. Ke2 Kd8 35. Kd3 Kc7 36. Bb2 h6 37. Ba3 Rd8 38. Be7 1-0


[Site "https://www.chess.com"]

[Event "Titled Tuesday Blitz November 16 2021"]
[White "Iskusnyh, Sergei"]
[Black "Stribuk, Artiom"]
[WhiteFideId "4120027"]
[BlackFideId "13515659"]
[WhiteElo "2492"]
[BlackElo "2224"]
[Result "1/2-1/2"]
[Round "08"]
[TimeControl "180+1"]
[Date "2021.11.16"]
[WhiteClock "0:00:14"]
[BlackClock "0:00:06"]

1. d4 Nf6 2. c4 g6 3. g3 c6 4. Bg2 d5 5. e3 Bg7 6. Ne2 O-O 7. O-O e6 8. b3 Nbd7 9. Nbc3 b6 10. Qc2 a5 11. cxd5 exd5 12. Bb2 Re8 13. Rfd1 h5 14. e4 dxe4 15. Nxe4 Nxe4 16. Bxe4 Bb7 17. Nf4 Rc8 18. Rac1 Nf6 19. Bg2 Nd5 20. Nd3 h4 21. Ne5 Qg5 22. Re1 c5 23. f4 Qd8 24. dxc5 Rxc5 25. Qf2 hxg3 26. hxg3 Rxc1 27. Rxc1 Qa8 28. Ng4 Re6 29. Bxg7 Kxg7 30. Qd4+ Nf6 31. Bxb7 Qxb7 32. Ne5 Qe4 33. Qxe4 Nxe4 34. Kg2 Nc5 35. Rc2 f6 36. Nc4 Ne4 37. a4 f5 38. Ne5 Rd6 39. Rc7+ Kg8 40. Rc8+ Kg7 41. Rc7+ Kg8 42. Rc8+ Kg7 43. Rc7+ 1/2-1/2


[Site "https://www.chess.com"]

[Event "Titled Tuesday Blitz November 16 2021"]
[White "Karpeshov, Oleg"]
[Black "Gabrielian, Artur"]
[WhiteFideId "4106814"]
[BlackFideId "4131002"]
[WhiteElo "2354"]
[BlackElo "2440"]
[Result "0-1"]
[Round "08"]
[TimeControl "180+1"]
[Date "2021.11.16"]
[WhiteClock "0:00:17"]
[BlackClock "0:00:41"]

1. d4 Nf6 2. c4 c5 3. d5 e6 4. Nc3 exd5 5. cxd5 d6 6. Nf3 g6 7. g3 Bg7 8. Bg2 O-O 9. O-O Re8 10. Bf4 Bf5 11. Qb3 Na6 12. Nh4 Bg4 13. h3 Bc8 14. Nf3 Nc7 15. Rfd1 Ne4 16. Qc2 Bf5 17. Qb3 Nxc3 18. bxc3 b5 19. g4 Be4 20. a4 b4 21. cxb4 Bxa1 22. Rxa1 Nxd5 23. Bg5 Qb8 24. b5 Qc7 25. Rd1 c4 26. Qa3 c3 27. Nd4 Bxg2 28. Kxg2 Qc4 29. e3 Nb4 30. Rc1 Rac8 31. a5 Nd3 32. Rf1 Qd5+ 33. Kg1 Qxg5 34. Qxd6 c2 35. Nc6 c1=Q 0-1


[Site "https://www.chess.com"]

[Event "Titled Tuesday Blitz November 16 2021"]
[White "Khanin, Semen"]
[Black "Horobetz, Graham"]
[WhiteFideId "4111990"]
[BlackFideId "2047322"]
[WhiteElo "2442"]
[BlackElo "2623"]
[Result "1-0"]
[Round "08"]
[TimeControl "180+1"]
[Date "2021.11.16"]
[WhiteClock "0:00:05"]
[BlackClock "0:00:01"]

1. c4 c5 2. Nc3 g6 3. g3 Bg7 4. Bg2 Nc6 5. d3 e5 6. Nf3 Nge7 7. h4 h5 8. a3 d6 9. Rb1 a5 10. Ng5 f6 11. Nge4 Be6 12. Bd2 O-O 13. Nb5 Nc8 14. O-O Kh8 15. b4 axb4 16. axb4 cxb4 17. Bxb4 Nxb4 18. Rxb4 d5 19. Nc5 Bg8 20. cxd5 Bxd5 21. e4 Bc6 22. Ne6 Qb6 23. Qb3 Qa5 24. Nbc7 Ra7 25. Nxg7 Kxg7 26. Ne6+ Kf7 27. Nxf8+ Kxf8 28. Rc4 Qd8 29. Qb2 Nd6 30. Rb4 Qa5 31. Qc3 Ke7 32. Rb3 Qxc3 33. Rxc3 Nb5 34. Rc5 Nd4 35. Rb1 Kd6 36. Rc4 b5 37. Rcb4 Kc5 38. Bf1 Ra4 39. R4b2 b4 40. Rc1+ Kd6 41. Rc4 b3 42. Rxd4+ Rxd4 43. Rxb3 Ra4 44. Rb2 Ra7 45. Rd2 Rb7 46. f3 Kc5 47. Kf2 Kd4 48. Rc2 Bb5 49. Rc8 Rd7 50. Rf8 Bxd3 51. Bxd3 Kxd3 52. Rxf6 Rg7 53. Rd6+ Kc4 54. Ke3 Rg8 55. Re6 Rd8 56. Rxe5 Rd3+ 57. Kf4 Rd1 58. Re6 1-0


[Site "https://www.chess.com"]

[Event "Titled Tuesday Blitz November 16 2021"]
[White "Lavrov, Maxim"]
[Black "Zelbel, Patrick"]
[WhiteFideId "4166418"]
[BlackFideId "24624322"]
[WhiteElo "2192"]
[BlackElo "2493"]
[Result "0-1"]
[Round "08"]
[TimeControl "180+1"]
[Date "2021.11.16"]
[WhiteClock "0:01:16"]
[BlackClock "0:01:19"]

1. e4 e5 2. Nf3 Nc6 3. Bb5 a6 4. Ba4 Nge7 5. d3 g6 6. c3 Bg7 7. O-O O-O 8. Nbd2 d6 9. Re1 h6 10. h3 Be6 11. Bb3 Qd7 12. Bxe6 Qxe6 13. Nc4 f5 14. exf5 gxf5 15. Nd4 Qg6 16. Nxc6 Nxc6 17. Qb3 Kh8 18. Qxb7 d5 19. Ne3 Rab8 20. Qxc7 Rf7 21. Qxb8+ Nxb8 22. Nxd5 f4 23. c4 Nc6 24. b3 Nd4 25. Bb2 Nf3+ 26. Kh1 Nxe1 27. Kg1 Nxd3 28. Kh1 Nxb2 29. Re1 Nd3 0-1


[Site "https://www.chess.com"]

[Event "Titled Tuesday Blitz November 16 2021"]
[White "Le, Tuan Minh"]
[Black "FGHSMN"]
[WhiteFideId "12401153"]
[WhiteElo "2450"]
[BlackElo "2688"]
[Result "1/2-1/2"]
[Round "08"]
[TimeControl "180+1"]
[Date "2021.11.16"]
[WhiteClock "0:00:08"]
[BlackClock "0:00:11"]

1. d4 d5 2. Nf3 Nf6 3. Bf4 c5 4. c3 Nc6 5. e3 Qb6 6. Qc2 Bf5 7. dxc5 Bxc2 8. cxb6 Bxb1 9. Rxb1 axb6 10. a3 e6 11. c4 Bc5 12. cxd5 Nxd5 13. Bg3 Ke7 14. Bc4 Rhd8 15. O-O Nf6 16. Rbc1 h6 17. Bb5 Na7 18. Ba4 Rac8 19. Rfd1 b5 20. Rxd8 Rxd8 21. Bd1 Ne4 22. Kf1 Nxg3+ 23. hxg3 Bd6 24. Be2 b4 25. a4 Nc6 26. Bb5 Na5 27. Ke2 Nb3 28. Rc2 g6 29. Ne1 Na1 30. Rc4 Nb3 31. Nd3 Na5 32. Rh4 h5 33. Nxb4 g5 34. Rd4 Nb3 35. Rc4 Bxb4 36. Rxb4 Rd2+ 37. Ke1 Rxb2 38. Bd3 Nc5 39. Rd4 f6 40. Bb5 Rb1+ 41. Ke2 Rb2+ 42. Ke1 Rb1+ 43. Ke2 Rb2+ 44. Kd1 Rxf2 45. Rc4 Kd6 46. Rd4+ Ke5 47. Rc4 Ne4 48. Rc7 b6 49. Rc6 Rxg2 50. Rxb6 h4 51. gxh4 gxh4 52. Bc6 h3 53. Rb5+ Nc5 54. Rxc5+ Kd6 55. Rc4 Rg1+ 56. Ke2 h2 57. Bf3 h1=Q 58. Bxh1 Rxh1 59. Rf4 Ra1 60. Kd3 f5 61. Rb4 e5 62. Ke2 Ra3 63. Kf2 Kc5 64. Rb5+ Kd6 65. Ra5 f4 66. exf4 exf4 67. Ra8 Kc5 68. a5 Kb5 69. a6 Rxa6 70. Rxa6 Kxa6 71. Kf3 Kb5 72. Kxf4 1/2-1/2


[Site "https://www.chess.com"]

[Event "Titled Tuesday Blitz November 16 2021"]
[White "Leitao, Rafael"]
[Black "Pour Agha Bala, Amirreza"]
[WhiteFideId "2101246"]
[BlackFideId "12572896"]
[WhiteElo "2609"]
[BlackElo "2313"]
[Result "0-1"]
[Round "08"]
[TimeControl "180+1"]
[Date "2021.11.16"]
[WhiteClock "0:00:17"]
[BlackClock "0:01:18"]

1. c4 e6 2. g3 d5 3. Bg2 Nf6 4. Nf3 dxc4 5. Qa4+ Bd7 6. Qxc4 Bc6 7. O-O Nbd7 8. d4 Nb6 9. Qd3 Be7 10. Nc3 Bb4 11. Bg5 Nbd7 12. Rfe1 Bxc3 13. bxc3 h6 14. Bxf6 Qxf6 15. e4 O-O 16. d5 exd5 17. exd5 Ba4 18. Qe3 b6 19. Nd4 Nc5 20. Qe7 Qg5 21. Qxg5 hxg5 22. Re7 Bd7 23. Nb3 Rfe8 24. Rxe8+ Rxe8 25. Nxc5 bxc5 26. Bf3 g4 27. Bd1 Re1+ 28. Kg2 Bb5 29. f4 gxf3+ 30. Kxf3 Ba4 31. Bxa4 Rxa1 32. Bb3 a5 33. h4 a4 34. Bxa4 Rxa2 0-1


[Site "https://www.chess.com"]

[Event "Titled Tuesday Blitz November 16 2021"]
[White "Maksimovic, Bojan"]
[Black "Visakh N R"]
[WhiteFideId "14408120"]
[BlackFideId "25012223"]
[WhiteElo "2439"]
[BlackElo "2454"]
[Result "1-0"]
[Round "08"]
[TimeControl "180+1"]
[Date "2021.11.16"]
[WhiteClock "0:00:03"]
[BlackClock "0:00:02"]

1. e4 c5 2. Nf3 d6 3. d4 Nf6 4. Nc3 cxd4 5. Nxd4 a6 6. Bg5 e5 7. Nf5 Be6 8. Bxf6 gxf6 9. Nd5 Nd7 10. c3 Nb6 11. Qf3 Nxd5 12. exd5 Bd7 13. Bd3 Rg8 14. O-O Rc8 15. Rac1 Qa5 16. a3 Qa4 17. h3 Rg5 18. Rfe1 Kd8 19. Ng3 Qh4 20. Bf5 Rc4 21. Bxd7 Rf4 22. Re4 Kxd7 23. Rxf4 exf4 24. Ne4 Re5 25. Rd1 f5 26. Nd2 b5 27. Nb3 Re4 28. Nd2 Re8 29. Ra1 Bg7 30. Kh2 Qd8 31. a4 b4 32. cxb4 Bxb2 33. Ra2 Be5 34. Qd3 f3+ 35. g3 Qg5 36. Nxf3 Qg6 37. Nh4 Qf6 38. Qxf5+ Qxf5 39. Nxf5 Rb8 40. b5 axb5 41. axb5 Rxb5 42. Ra7+ Kd8 43. Ra8+ Kc7 44. Ra7+ Kb6 45. Rxf7 Kc5 46. Rxh7 Kxd5 47. Kg2 Ke4 48. Ne3 Bd4 49. Rh4+ Kd3 50. Rh6 Bxe3 51. Rxd6+ Bd4 52. Rd8 Rf5 53. f4 Ke3 54. Re8+ Kd3 55. Kf3 Rb5 56. h4 Rb1 57. Kg4 Rg1 58. Rg8 Ke4 59. Re8+ Kd3 60. Kf3 Rf1+ 61. Kg2 Ra1 62. h5 Be3 63. Kf3 Rf1+ 64. Kg4 Bd4 65. h6 Rh1 66. Kg5 Bf2 67. g4 Be3 68. Rxe3+ Kxe3 69. f5 Ke4 70. f6 Kd5 71. f7 1-0


[Site "https://www.chess.com"]